 Dungeon Crawl Stone Soup version 0.25.1-2-g60ff931df9 (webtiles) character file.

Game seed: 7890165233718335632

1746 Exodus22XD the Carver (level 9, 0/102 HPs)
             Began as a Human Berserker on Oct 31, 2020.
             Was a Priest of Trog.
             Slain by a gnoll
             ... wielding a +0 club
              (4 damage)
             ... on level 8 of the Dungeon.
             The game lasted 00:08:43 (8279 turns).

Exodus22XD the Carver (Human Berserker)             Turns: 8279, Time: 00:08:43

Health: 0/102      AC: 11    Str: 20      XL:     9   Next: 26%
Magic:  9/9        EV: 12    Int:  7      God:    Trog [***...]
Gold:   417        SH:  0    Dex: 16 (17) Spells: 8/8 levels left

rFire    + . .     SeeInvis .   a - +0 falchion
rCold    x . .     Gourm    .   (no shield)
rNeg     . . .     Faith    .   g - +2 scale mail {rPois}
rPois    +         Spirit   .   (no helmet)
rElec    +         Reflect  .   (no cloak)
rCorr    .         Harm     .   (no gloves)
MR       .....                  k - +1 pair of boots
Stlth    ..........             (no amulet)
HPRegen  0.27/turn              v - ring "Gobuemn" {+Fly rElec rPois Dex+3}
MPRegen  0.11/turn              p - ring of fire

@: berserking, very quick
A: no striking features
a: Berserk, Trog's Hand, Renounce Religion, Evoke Flight


You were on level 8 of the Dungeon.
You worshipped Trog.
Trog was most pleased with you.
You were not hungry.

You visited 1 branch of the dungeon, and saw 8 of its levels.

You collected 417 gold pieces.

Inventory:

Hand Weapons
 a - a +0 falchion (weapon)
 D - a +0 rapier
Armour
 g - a +2 scale mail of poison resistance (worn)
 k - a +1 pair of boots (worn)
Jewellery
 p - a ring of fire (right hand)
 v - the ring "Gobuemn" (left hand) {+Fly rElec rPois Dex+3}
   (You found it on level 4 of the Dungeon)

   [ring of flight]

   It affects your dexterity (+3).
   It insulates you from electricity.
   It protects you from poison.
   It lets you fly.
Wands
 x - a wand of flame (38)
 y - a wand of acid (6)
Scrolls
 d - 5 scrolls of remove curse
 e - 2 scrolls of identify
 h - a scroll of blinking {unknown}
 l - 3 scrolls of enchant weapon
 q - a scroll of fog
 r - 2 scrolls of fear
 A - 2 scrolls of enchant armour
 C - 2 scrolls of random uselessness {unknown}
Potions
 b - a potion of berserk rage {unknown}
 f - a potion of stabbing
 i - 2 potions of cancellation
 m - 2 potions of curing {unknown}
 n - 2 potions of resistance
 o - a potion of invisibility {unknown}
 s - a potion of haste {unknown}
 u - 2 potions of flight
 w - 3 potions of heal wounds {unknown}
 z - a potion of mutation {unknown}
Comestibles
 c - 11 rations


   Skills:
 + Level 5.6 Fighting
 + Level 8.1 Long Blades
 + Level 6.1 Armour
 + Level 4.1 Dodging


You had 8 spell levels left.
You didn't know any spells.
Your spell library was empty.

Dungeon Overview and Level Annotations

Branches:
Dungeon (8/15)             Temple (0/1) D:5
   Lair: D:8-11

Altars:
Dithmenos
Gozag
Kikubaaqudgha
Makhleb
Okawaru
Vehumet


Message History

The gnoll barely misses you.
You hit the gnoll but do no damage.
The gnoll is heavily wounded.
The gnoll hits you.
* * * LOW HITPOINT WARNING * * *
The gnoll hits you with a +0 club.
* * * LOW HITPOINT WARNING * * *
You hit the gnoll.
The gnoll is severely wounded.
The gnoll hits you but does no damage. x2; The gnoll completely misses you.
You eat one of the 12 rations.
That ration really hit the spot!
The gnoll barely misses you.
You riposte.
You hit the gnoll.
The gnoll is moderately wounded.
The gnoll closely misses you. The gnoll hits you with a +0 club.
* * * LOW HITPOINT WARNING * * *
A red film seems to cover your vision as you go berserk!
You feel yourself moving faster!
You feel mighty!
You feel a lot more hungry. The gnoll closely misses you.
The gnoll hits you but does no damage. The gnoll hits you with a +0 club.
You die...

#.. # ... #. #
#.# .# # .###.
#.# .#.#
.....##.##.#.###.
.................
........g....#
.:.....)@g.#
[......g.#.#
............#
.............#
..............#
......#.....$.#
.####.#.#...#.#
#....#.##.#


You could see 3 gnolls.

Vanquished Creatures
  Menkaure (D:4)
  Duvessa (D:4)
  An orc warrior (D:6)
  A sky beast (D:5)
  4 ogres
  3 bullfrogs
  Dowan (D:4)
  A centaur zombie (D:7)
  A crimson imp (D:4)
  A quasit (D:7)
  2 jellies
  An orc priest (D:7)
  2 orc wizards (D:6)
  2 hounds (D:3)
  2 gnoll shamans (D:6)
  3 iguanas
  3 worker ants
  A killer bee zombie (D:5)
  8 gnolls
  8 adders
  A shadow imp (D:6)
  A dart slug (D:2)
  4 worms
  6 leopard geckos
  12 orcs
  9 bats
  8 giant cockroaches
  5 goblins
  5 hobgoblins
  3 jackals (D:4)
  2 quokkas
  A ball python (D:5)
  4 frilled lizards
  6 kobolds
  3 rats
117 creatures vanquished.

Notes
Turn   | Place    | Note
-------+----------+-------------------------------------------
     0 | D:1      | Exodus22XD the Human Berserker began the quest for the Orb.
     0 | D:1      | Reached XP level 1. HP: 18/18 MP: 1/1
   109 | D:1      | Reached XP level 2. HP: 19/24 MP: 2/2
   476 | D:1      | Reached XP level 3. HP: 23/29 MP: 3/3
  1108 | D:2      | Reached skill level 4 in Long Blades
  1108 | D:2      | Reached XP level 4. HP: 34/35 MP: 4/4
  1142 | D:2      | Reached ** piety under Trog
  1771 | D:3      | Reached XP level 5. HP: 41/41 MP: 5/5
  2418 | D:3      | Found a shadowy altar of Dithmenos.
  2452 | D:3      | Reached XP level 6. HP: 47/48 MP: 6/6
  2612 | D:4      | Noticed an ogre
  2621 | D:4      | Reached skill level 5 in Long Blades
  2629 | D:4      | Killed an ogre
  2901 | D:4      | Got a scorched turquoise ring
  2912 | D:4      | Identified the ring "Gobuemn" {+Fly rElec rPois Dex+3} (You
                  | found it on level 4 of the Dungeon)
  3059 | D:4      | Noticed Duvessa
  3059 | D:4      | Noticed Dowan
  3098 | D:5      | Entered Level 5 of the Dungeon
  3157 | D:4      | Killed Duvessa
  3157 | D:4      | Reached XP level 7. HP: 45/54 MP: 7/7
  3161 | D:4      | Killed Dowan
  3488 | D:4      | Noticed Menkaure
  3495 | D:4      | Killed Menkaure
  3495 | D:4      | Reached skill level 6 in Long Blades
  3613 | D:4      | Found a radiant altar of Vehumet.
  3613 | D:4      | Found a burning altar of Makhleb.
  3933 | D:5      | Reached XP level 8. HP: 38/61 MP: 8/8
  4211 | D:5      | Found a staircase to the Ecumenical Temple.
  5385 | D:6      | Reached skill level 7 in Long Blades
  5399 | D:6      | Reached skill level 5 in Fighting
  5611 | D:6      | Reached skill level 5 in Armour
  6179 | D:6      | Found an ancient bone altar of Kikubaaqudgha.
  6195 | D:6      | Reached *** piety under Trog
  6298 | D:6      | Found an iron altar of Okawaru.
  6476 | D:6      | HP: 1/62 [ogre/+0 giant club (19)]
  6796 | D:6      | Found an opulent altar of Gozag.
  7247 | D:7      | Reached XP level 9. HP: 68/68 MP: 9/9
  7888 | D:7      | Reached skill level 8 in Long Blades
  8278 | D:8      | HP: 2/68 [gnoll/+0 club (4)]
  8279 | D:8      | Slain by a gnoll

Illustrated notes

Levels and vault maps discovered:
D:1:      psy_arrival_terrarium, layout_rooms,
          hangedman_abyss_or_decor_lesser_grid, minmay_tree_intersection
D:2:      layout_basic
D:3:      layout_rooms, nicolae_overflow_hidden_temple, first_ration,
          cheibrodos_gnoll_hut
D:4:      layout_loops_cross, grunt_temple_overflow_lords_of_destruction,
          chequers_serial_rivers_marsh, solitary_fountain, uniq_menkaure,
          uniq_duvessa
D:5:      layout_loops_ring, marbit_many_paths,
          minmay_temple_entry_gardened_gates, portal_sewer_entry_f
D:6:      layout_layer_cave, kiku_gazebo_garden_becter,
          okawaru_altar_gauntlet_db,
          nicolae_gozag_cash_rules_everything_around_me, minmay_starry_boxes
D:7:      layout_basic
D:8:      layout_loops_ring, uniq_pikel

Skill      XL: |  1  2  3  4  5  6  7  8  9 |
---------------+----------------------------+-----
Long Blades    | 4 5 6 7 8 |  8.1
Fighting       | 4 5 |  5.6
Armour         | 3 4 5 6 |  6.1
Dodging        | 3 4 |  4.1

Action                   |  1- 3 |  4- 6 |  7- 9 || total
-------------------------+-------+-------+-------++-------
Melee: Falchion          |   113 |   122 |   433 ||   668
Invok: Berserk           |     1 |     4 |     6 ||    11
  Use: Scroll            |       |     4 |     8 ||    12
 Stab: Sleeping          |     1 |       |       ||     1
  Eat: Chunk             |     2 |     9 |    18 ||    29
       Ration            |       |       |     2 ||     2
Armor: Animal skin       |     5 |       |       ||     5
       Scale mail        |    59 |    59 |   201 ||   319
Dodge: Dodged            |    80 |    82 |   305 ||   467
       Rpst.: Falchion   |    29 |    23 |    74 ||   126
